 Dungeon Crawl Stone Soup version 0.29-a0-887-gcbe080d7e0 (webtiles) character file.

Game seed: 11196995825108411427

60 IdlyInterested the Gusty (level 3, 0/58 HPs)
             Began as a Demonspawn Wanderer on July 21, 2022.
             Succumbed to an orc wizard's poison
             ... on level 3 of the Dungeon.
             The game lasted 00:06:59 (2834 turns).

IdlyInterested the Gusty (Demonspawn Wanderer)      Turns: 2834, Time: 00:07:00

Health: 0/58       AC: 21    Str:  9    XL:     3   Next: 80%
Magic:  5/5        EV:  2    Int: 14    God:
Gold:   119        SH:  0    Dex: 16    Spells: 4/5 levels left

rFire   . . .      SeeInvis .   f - +1 short sword (venom)
rCold   . . .      Faith    .   (no shield)
rNeg    . . .      Spirit   .   (body armour currently unavailable)
rPois   +          Reflect  .   (helmet currently unavailable)
rElec   .          Harm     .   (cloak currently unavailable)
rCorr   .          Rampage  .   (gloves currently unavailable)
Will    +....      NoTele   +   (boots currently unavailable)
Stlth   ..........              (no amulet)
HPRegen 0.19/turn               h - +4 ring of slaying
MPRegen 0.09/turn               s - ring of willpower

@: berserking, lethally poisoned (0 -> -19), tree-form, very quick
A: stationary, stasis, torment immunity, boosted hp, demonic guardian 1, powered
by pain 1
a: no special abilities


You were on level 3 of the Dungeon.
You were a tree.
You visited 1 branch of the dungeon, and saw 3 of its levels.

You collected 119 gold pieces.

Inventory:

Hand Weapons
 a - a +0 quarterstaff
 c - a +0 dagger
 f - a +1 short sword of venom (weapon)
 m - a +0 rapier
 p - a +0 long sword
Missiles
 b - 30 poisoned darts (quivered)
 l - 3 boomerangs
Armour
 g - a +0 helmet (melded)
 q - a +0 ring mail (melded)
Jewellery
 h - a +4 ring of slaying (left branch)
 s - a ring of willpower (right branch)
Scrolls
 i - a scroll of teleportation
 o - a scroll of silence {unknown}
Potions
 d - a potion of attraction
 j - a potion of magic {unknown}
 r - a potion of lignification


   Skills:
 - Level 1.0 Fighting
 + Level 2.3 Staves
 - Level 1.7 Throwing
 * Level 1.9 Dodging
 + Level 1.6 Spellcasting
 + Level 0.4 Conjurations
 - Level 3.0 Air Magic
 - Level 1.0 Evocations


You had 4 spell levels left.
You knew the following spells:

 Your Spells              Type           Power      Damage    Failure   Level
a - Shock                 Conj/Air       20%        1d4       12%         1

Your spell library contained the following spells:

 Spells                   Type           Power      Damage    Failure   Level
 Static Discharge         Conj/Air       5%         3-4/arc   19%         2
 Blink                    Tloc           2%         N/A       36%         2
 Stone Arrow              Conj/Erth      2%         3d7       56%         3
 Corpse Rot               Necr/Pois/Air  3%         N/A       86%         4
 Animate Armour           Summ/Erth      2%         N/A       94%         4
 Manifold Assault         Tloc           1%         N/A       100%        5
 Storm Form               Tmut/Air       2%         N/A       100%        7
 Lehudib's Crystal Spear  Conj/Erth      0%         10d2      100%        8


Dungeon Overview and Level Annotations

Branches:
Dungeon (3/15)

Altars:
Gozag


Innate Abilities, Weirdness & Mutations

You are a tree.
Your roots penetrate the ground, keeping you stationary.
You cannot be teleported.
You are immune to unholy pain and torment.
Your maximum health is greatly increased.
Your equipment is partially melded.
A weak demonic guardian rushes to your aid.
You sometimes gain a little power by taking damage.


Message History

The orc is lightly wounded.
The orc hits you with a +0 club.
You hit the orc.
You kill the orc!
You puncture the orc!
You kill the orc!
The orc wizard gestures wildly while chanting.
The orc wizard flickers and vanishes!
Deactivating autopickup; reactivate with Ctrl-A.
Something hits you.
You are poisoned.
Items here: ( )) [ †.
You barely miss something.
You feel very sick. Something hits you but does no damage.
You are lethally poisoned!
You closely miss something.
You feel very sick. Something hits you but does no damage.
You are more poisoned.
Really quaff the potion of lignification?
You turn into a tree.
Your +0 helmet melds into your body.
Your +0 ring mail melds into your body.
Your roots penetrate the ground.
* * * LOW HITPOINT WARNING * * *
You feel very sick. Something hits you but does no damage.
It was a potion of berserk rage.
A red film seems to cover your vision as you go berserk!
You feel yourself moving faster!
You feel mighty!
* * * LOW HITPOINT WARNING * * *
You feel very sick. Something hits you but does no damage.
You are more poisoned.
You barely miss something.
* * * LOW HITPOINT WARNING * * *
You feel very sick. Something hits you but does no damage.
You cannot move.
You miss something.
You die...

.. ....# ....+
###########....#
+..♣{..........#
#######.#......#
#..........+
#....o....#
#.).).....##
#..........#
#......o...+
#.........##
#.........#


There were no monsters in sight!

Vanquished Creatures
  2 worms (D:2)
  2 dart slugs (D:1)
  3 orcs (D:3)
  2 ball pythons (D:1)
  2 endoplasms
  2 giant cockroaches (D:1)
  2 goblins
  7 hobgoblins
  7 kobolds
  4 quokkas
  5 bats
  A frilled lizard (D:2)
  3 rats (D:1)
42 creatures vanquished.

Vanquished Creatures (collateral kills)
  A goblin (D:2)
1 creature vanquished.

Grand Total: 43 creatures vanquished

Notes
Turn   | Place    | Note
-------+----------+-------------------------------------------
     0 | D:1      | IdlyInterested the Demonspawn Wanderer began the quest for
                  | the Orb.
     0 | D:1      | IdlyInterested set off with the following items: a +0
                  | quarterstaff, 14 poisoned darts, a +0 dagger, a potion of
                  | attraction, a +0 robe; and the following spell memorised:
                  | Shock; and the following spells available to memorise:
                  | Static Discharge, Corpse Rot.
     0 | D:1      | Reached XP level 1. HP: 15/15 MP: 2/2
   224 | D:1      | Gained mutation: A weak demonic guardian rushes to your
                  | aid. [demonic ancestry]
   224 | D:1      | Reached XP level 2. HP: 21/21 MP: 3/3
   286 | D:1      | Reached skill level 1 in Dodging
  1086 | D:1      | Gained mutation: You sometimes gain a little power by
                  | taking damage. [demonic ancestry]
  1086 | D:1      | Reached XP level 3. HP: 26/26 MP: 5/5
  1536 | D:2      | Reached skill level 3 in Air Magic
  1859 | D:2      | Found an opulent altar of Gozag.
  2834 | D:3      | Succumbed to an orc wizard's poison

Illustrated notes

Levels and vault maps discovered:
D:1:      psy_arrival_radial02, layout_basic
D:2:      layout_loops_ring, basic_altar, kennysheep_generic_room_12
D:3:      layout_basic, lemuel_round_altar, mainiacjoe_overflow_24_doors,
          chequers_serial_rivers_large_b, uniq_jessica

Skill      XL: |  1  2  3 |
---------------+----------+-----
Staves         | 2 |  2.3
Dodging        | 1 |  1.9
Air Magic      | 3 |  3.0
Fighting       | |  1.0
Throwing       | |  1.7
Spellcasting   | |  1.6
Conjurations   | |  0.4
Evocations     | |  1.0

Action                   || total
-------------------------++-------
Melee: Short sword       ||    84
       Punch             ||     1
Throw: Dart              ||     3
 Cast: Shock             ||     1
  Use: Scroll            ||     5
       Potion            ||     2
 Stab: Sleeping          ||     2
Armor: Robe              ||     3
       Ring mail         ||     8
       Skin              ||     3
Dodge: Dodged            ||    37

Table legend: (Time is in decaauts)
 A = Elapsed time spent in this place.
 B = Non-inter-level travel time spent in this place.
 C = Inter-level travel time spent in this place.
 D = Time resting spent in this place.
 E = Time spent auto-exploring this place.
 F = Levels seen in this place.
 G = Mean time per level.
                   A        B        C        D        E       F      G
               +--------+--------+--------+--------+--------+-----+--------+
         Total |   2841 |   2493 |    348 |    499 |   1536 |   3 |  947.0 |
       Dungeon |   2841 |   2493 |    348 |    499 |   1536 |   3 |  947.0 |
               +--------+--------+--------+--------+--------+-----+--------+

Top non-repeatable levels by time:
     D:1: 1573 daAuts
     D:2: 1222 daAuts
     D:3: 45 daAuts
